[ AOE2 MATCH · #458353536 ]
UnrankedArmenians vs Koreans
Player's team · LOSS
[ REPLAY ANALYSIS · EXTRACTED FROM THE RECORDED GAME ]
Feudal
12:25
Castle
21:32
Imperial
36:55
| APM avg | 58.1 |
| APM peak | 116 |
| eAPM avg | 24.6 |
| Villagers / military | 113 / 285 |
Focus
⚔️ 47.5% · 🌾 52.5%
Militia ×139 · Composite Bowman ×114 · Fishing Ship ×17 · Galley ×15 · Fire Galley ×9 · Monk ×4
Feudal
13:08
Castle
16:48
Imperial
46:12
| APM avg | 29.5 |
| APM peak | 61 |
| eAPM avg | 16.6 |
| Villagers / military | 120 / 75 |
Focus
⚔️ 36.3% · 🌾 63.7%
War Wagon ×55 · Iron Pagoda ×11 · Fishing Ship ×8 · Trebuchet (Packed) ×3 · Spearman ×2 · Monk ×1
Feudal
13:13
Castle
22:34
Imperial
44:51
| APM avg | 31.2 |
| APM peak | 67 |
| eAPM avg | 18.7 |
| Villagers / military | 117 / 78 |
Focus
⚔️ 21.8% · 🌾 78.2%
Knight ×49 · Teutonic Knight ×10 · Fishing Ship ×8 · Mangonel ×7 · Battering Ram ×4 · Fire Galley ×3
Feudal
13:15
Castle
21:08
Imperial
—
| APM avg | 41.2 |
| APM peak | 74 |
| eAPM avg | 23.8 |
| Villagers / military | 155 / 81 |
Focus
⚔️ 18.0% · 🌾 82.0%
Archer ×42 · Galley ×26 · Fishing Ship ×13 · Fire Galley ×6 · Battle Elephant ×3 · Knight ×2
Feudal
14:35
Castle
24:38
Imperial
35:43
| APM avg | 46.6 |
| APM peak | 77 |
| eAPM avg | 33.0 |
| Villagers / military | 236 / 116 |
Focus
⚔️ 27.0% · 🌾 73.0%
Steppe Lancer ×87 · Fishing Ship ×17 · Mangonel ×8 · Kipchak ×7 · Fire Galley ×6 · Trebuchet (Packed) ×6
Feudal
17:36
Castle
22:05
Imperial
—
| APM avg | 42.9 |
| APM peak | 74 |
| eAPM avg | 21.5 |
| Villagers / military | 111 / 17 |
Focus
⚔️ 46.9% · 🌾 53.1%
Unknown (2550) ×32 · Fishing Ship ×11 · Monk ×4 · Petard ×4 · Kamayuk ×4 · Skirmisher ×3
Feudal
13:52
Castle
17:59
Imperial
43:04
| APM avg | 38.0 |
| APM peak | 75 |
| eAPM avg | 23.9 |
| Villagers / military | 102 / 16 |
Focus
⚔️ 28.1% · 🌾 71.9%
Unknown (1920) ×48 · Iron Pagoda ×9 · Fishing Ship ×6 · Cavalry Archer ×6 · Scorpion ×1
Feudal
13:05
Castle
17:27
Imperial
36:37
| APM avg | 29.7 |
| APM peak | 65 |
| eAPM avg | 19.3 |
| Villagers / military | 170 / 118 |
Focus
⚔️ 25.4% · 🌾 74.6%
Woad Raider ×92 · Fishing Ship ×7 · Monk ×6 · Knight ×6 · Spearman ×5 · Mangonel ×3
Match map
Initial resources + every placement click. Lines = walls · curves = elevation contours. ◆ gold · ⬟ stone · ● berries · ✦ relic · ◌ wall gap
Your base· Open — 10t gap
Prußen's base· Open — unwalled flank
[SP4RT] Petza IV.'s base· Open — 4t gap
Anakin Skywalker's base· Open — unwalled flank
Turkish Delight's base· Open — 3t gap
OhSheeep's base· Open — 7t gap
Glenlivet's base· Open — unwalled flank
Sell_my_vills_for_wood's base· Open — 5t gap
Smoothed initial terrain · ◌ = detected wall gap · hover for details
Inputs per minute
— PipesMble - - Prußen
Build order — PipesMble
First 150 of 480 actions detected
| 0:20 | Build | Town Center |
| 1:09 | Build | Dock |
| 1:09 | Build | House |
| 2:34 | Create | Villager (Male) |
| 2:35 | Create | Villager (Male) |
| 2:35 | Create | Villager (Male) |
| 2:35 | Create | Villager (Male) |
| 3:33 | Create | Fishing Ship |
| 3:56 | Build | House |
| 4:20 | Create | Villager (Male) |
| 4:20 | Create | Villager (Male) |
| 5:00 | Create | Villager (Male) |
| 5:00 | Create | Villager (Male) |
| 5:11 | Create | Fishing Ship |
| 5:11 | Create | Fishing Ship |
| 5:20 | Create | Villager (Male) |
| 5:20 | Create | Villager (Male) |
| 5:45 | Create | Villager (Male) |
| 5:45 | Create | Villager (Male) |
| 5:59 | Build | House |
| 6:06 | Create | Fishing Ship |
| 6:09 | Create | Villager (Male) |
| 6:09 | Create | Villager (Male) |
| 6:36 | Create | Villager (Male) |
| 6:36 | Create | Villager (Male) |
| 6:42 | Create | Villager (Male) |
| 6:54 | Create | Fishing Ship |
| 7:12 | Create | Villager (Male) |
| 7:37 | Create | Fishing Ship |
| 7:39 | Create | Villager (Male) |
| 7:40 | Build | House |
| 8:05 | Create | Villager (Male) |
| 8:20 | Create | Fishing Ship |
| 8:40 | Research | Loom |
| 8:45 | Create | Villager (Male) |
| 9:02 | Build | Mule Cart |
| 9:37 | Build | House |
| 9:49 | Create | Villager (Male) |
| 10:15 | Research | Feudal Age |
| 10:39 | Build | Dock |
| 10:40 | Build | House |
| 10:59 | Build | Mule Cart |
| 11:55 | Create | Villager (Male) |
| 12:25 | Age | Feudal Age |
| 12:26 | Create | Galley |
| 12:27 | Create | Galley |
| 12:32 | Build | Blacksmith |
| 12:57 | Create | Villager (Male) |
| 13:03 | Build | House |
| 13:04 | Build | House |
| 13:06 | Create | Galley |
| 13:06 | Create | Galley |
| 13:08 | Create | Villager (Male) |
| 13:15 | Research | Double-Bit Axe |
| 13:26 | Research | Fletching |
| 13:26 | Research | Fletching |
| 13:50 | Build | Mill |
| 13:54 | Create | Villager (Male) |
| 13:55 | Create | Villager (Male) |
| 13:59 | Create | Galley |
| 13:59 | Create | Galley |
| 14:18 | Create | Villager (Male) |
| 14:26 | Create | Galley |
| 14:28 | Create | Villager (Male) |
| 14:30 | Build | House |
| 14:50 | Create | Galley |
| 14:53 | Create | Villager (Male) |
| 15:13 | Create | Villager (Male) |
| 15:33 | Create | Villager (Male) |
| 15:59 | Create | Galley |
| 15:59 | Create | Galley |
| 16:03 | Create | Villager (Male) |
| 16:29 | Create | Villager (Male) |
| 16:31 | Build | Market |
| 16:47 | Create | Galley |
| 16:48 | Create | Galley |
| 17:14 | Create | Galley |
| 17:14 | Create | Galley |
| 17:18 | Create | Villager (Male) |
| 17:52 | Create | Galley |
| 18:52 | Research | Castle Age |
| 20:03 | Research | Gold Mining |
| 20:04 | Research | Gold Mining |
| 20:39 | Create | Fire Galley |
| 20:39 | Create | Fire Galley |
| 20:59 | Create | Fire Galley |
| 21:00 | Create | Fire Galley |
| 21:32 | Age | Castle Age |
| 21:41 | Research | Bodkin Arrow |
| 21:44 | Build | Town Center |
| 21:58 | Research | War Galley (upgrade) |
| 22:02 | Build | House |
| 22:03 | Build | House |
| 22:03 | Build | House |
| 22:12 | Research | Town Watch |
| 22:13 | Create | Villager (Male) |
| 22:19 | Build | Town Center |
| 22:55 | Create | Villager (Male) |
| 22:55 | Create | Villager (Male) |
| 23:18 | Create | Fire Galley |
| 23:18 | Create | Fire Galley |
| 23:18 | Create | Fire Galley |
| 23:25 | Create | Villager (Male) |
| 23:31 | Research | Bow Saw |
| 23:32 | Research | Horse Collar |
| 23:32 | Research | Horse Collar |
| 23:40 | Build | Monastery |
| 23:51 | Create | Fire Galley |
| 23:51 | Create | Fire Galley |
| 24:00 | Create | Villager (Male) |
| 24:15 | Create | Villager (Male) |
| 24:15 | Create | Villager (Male) |
| 24:41 | Create | Villager (Male) |
| 24:46 | Build | House |
| 24:46 | Build | House |
| 24:46 | Build | House |
| 24:48 | Create | Monk |
| 25:00 | Create | Villager (Male) |
| 25:16 | Build | Town Center |
| 25:35 | Create | Villager (Male) |
| 25:35 | Create | Villager (Male) |
| 25:43 | Create | Villager (Male) |
| 25:51 | Create | Monk |
| 25:56 | Create | Villager (Male) |
| 25:56 | Create | Villager (Male) |
| 25:58 | Build | House |
| 25:59 | Build | House |
| 25:59 | Build | House |
| 26:04 | Build | Mule Cart |
| 26:16 | Build | Farm |
| 26:17 | Build | Farm |
| 26:17 | Build | Farm |
| 26:20 | Build | Farm |
| 26:21 | Build | Farm |
| 26:23 | Create | Fishing Ship |
| 26:23 | Create | Fishing Ship |
| 26:23 | Create | Fishing Ship |
| 26:23 | Create | Fishing Ship |
| 26:33 | Build | Dock |
| 26:34 | Build | House |
| 26:34 | Build | House |
| 26:36 | Create | Fishing Ship |
| 26:36 | Create | Fishing Ship |
| 26:40 | Create | Villager (Male) |
| 26:54 | Research | Stone Mining |
| 26:54 | Research | Stone Mining |
| 27:14 | Build | Farm |
| 27:15 | Create | Villager (Male) |
| 27:23 | Research | Tech 906 |
| 27:28 | Create | Villager (Male) |
Build order — Prußen
First 150 of 349 actions detected
| 0:10 | Build | Town Center |
| 0:22 | Build | Dock |
| 0:24 | Build | House |
| 2:45 | Create | Villager (Male) |
| 2:45 | Create | Villager (Male) |
| 2:46 | Create | Villager (Male) |
| 2:46 | Create | Villager (Male) |
| 3:33 | Create | Villager (Male) |
| 3:53 | Create | Fishing Ship |
| 4:12 | Build | Palisade Wall |
| 4:13 | Build | Palisade Wall |
| 4:15 | Build | Palisade Wall |
| 4:20 | Build | Palisade Wall |
| 4:23 | Build | Palisade Wall |
| 4:40 | Build | Palisade Wall |
| 4:41 | Build | Palisade Wall |
| 4:52 | Build | Palisade Wall |
| 4:54 | Build | Palisade Wall |
| 4:57 | Build | Palisade Wall |
| 4:59 | Create | Villager (Male) |
| 5:20 | Create | Villager (Male) |
| 5:31 | Build | House |
| 5:33 | Research | Loom |
| 5:34 | Create | Villager (Male) |
| 5:38 | Create | Villager (Male) |
| 5:53 | Build | Palisade Wall |
| 6:02 | Create | Fishing Ship |
| 6:10 | Create | Villager (Male) |
| 6:27 | Build | House |
| 6:42 | Create | Villager (Male) |
| 7:14 | Create | Fishing Ship |
| 7:15 | Create | Villager (Male) |
| 7:26 | Build | House |
| 7:32 | Create | Villager (Male) |
| 7:51 | Create | Fishing Ship |
| 8:03 | Create | Villager (Male) |
| 8:19 | Create | Fishing Ship |
| 8:22 | Create | Villager (Male) |
| 8:33 | Create | Villager (Male) |
| 8:48 | Create | Fishing Ship |
| 9:09 | Build | House |
| 9:13 | Create | Villager (Male) |
| 9:30 | Build | Mining Camp |
| 9:35 | Create | Villager (Male) |
| 9:46 | Create | Fishing Ship |
| 9:57 | Build | House |
| 10:29 | Create | Villager (Male) |
| 10:37 | Create | Fishing Ship |
| 10:49 | Build | House |
| 10:58 | Research | Feudal Age |
| 11:11 | Build | Mill |
| 11:33 | Build | Palisade Wall |
| 11:35 | Build | Palisade Wall |
| 12:10 | Build | House |
| 13:08 | Age | Feudal Age |
| 13:11 | Create | Villager (Male) |
| 13:16 | Build | Market |
| 13:26 | Build | Blacksmith |
| 13:31 | Create | Villager (Male) |
| 13:58 | Build | Lumber Camp |
| 14:08 | Research | Castle Age |
| 14:26 | Build | Mining Camp |
| 14:27 | Create | Villager (Male) |
| 14:45 | Research | Double-Bit Axe |
| 15:24 | Build | Palisade Wall |
| 15:28 | Build | Palisade Wall |
| 15:32 | Build | Palisade Wall |
| 15:33 | Build | Palisade Wall |
| 15:36 | Build | Palisade Wall |
| 15:44 | Build | Palisade Wall |
| 15:50 | Build | Palisade Wall |
| 15:51 | Build | Palisade Wall |
| 15:53 | Build | Palisade Wall |
| 15:54 | Build | Palisade Wall |
| 16:10 | Research | Fletching |
| 16:48 | Age | Castle Age |
| 16:50 | Create | Villager (Male) |
| 17:04 | Create | Unit 2626 |
| 17:10 | Create | Villager (Male) |
| 17:30 | Build | Palisade Wall |
| 17:32 | Build | Palisade Wall |
| 17:41 | Create | Villager (Male) |
| 17:41 | Research | Town Watch |
| 18:07 | Create | Villager (Male) |
| 18:30 | Build | Castle |
| 19:21 | Create | Fire Galley |
| 19:24 | Create | Villager (Male) |
| 19:24 | Create | War Wagon |
| 19:37 | Create | War Wagon |
| 19:44 | Create | War Wagon |
| 19:55 | Create | War Wagon |
| 20:37 | Create | War Wagon |
| 20:42 | Create | Villager (Male) |
| 20:55 | Build | Farm |
| 21:14 | Build | Palisade Wall |
| 21:15 | Build | Palisade Wall |
| 21:17 | Build | Palisade Wall |
| 21:21 | Create | War Wagon |
| 21:44 | Create | Villager (Male) |
| 21:50 | Create | War Wagon |
| 22:07 | Create | Villager (Male) |
| 22:09 | Build | Farm |
| 22:13 | Create | War Wagon |
| 22:21 | Build | Farm |
| 22:27 | Create | Villager (Male) |
| 22:49 | Create | War Wagon |
| 22:49 | Create | Villager (Male) |
| 23:10 | Create | Villager (Male) |
| 23:12 | Build | Farm |
| 23:25 | Create | Villager (Male) |
| 23:46 | Create | War Wagon |
| 23:51 | Create | Villager (Male) |
| 24:01 | Create | War Wagon |
| 24:39 | Research | Bodkin Arrow |
| 24:39 | Research | Bodkin Arrow |
| 24:42 | Build | Farm |
| 24:44 | Build | Farm |
| 25:05 | Create | War Wagon |
| 25:06 | Create | Villager (Male) |
| 25:18 | Create | Villager (Male) |
| 25:39 | Create | Villager (Male) |
| 25:47 | Create | Villager (Male) |
| 25:48 | Create | War Wagon |
| 25:52 | Create | War Wagon |
| 25:56 | Create | Villager (Male) |
| 26:13 | Create | Villager (Male) |
| 26:19 | Build | Farm |
| 26:27 | Create | Villager (Male) |
| 26:45 | Create | War Wagon |
| 26:46 | Create | Villager (Male) |
| 27:09 | Create | War Wagon |
| 27:19 | Create | Villager (Male) |
| 27:20 | Create | War Wagon |
| 27:35 | Build | House |
| 27:35 | Build | House |
| 27:48 | Build | Lumber Camp |
| 27:53 | Create | Villager (Male) |
| 28:30 | Build | Monastery |
| 28:34 | Build | House |
| 28:51 | Create | War Wagon |
| 29:04 | Build | House |
| 29:05 | Build | House |
| 29:10 | Create | Villager (Male) |
| 29:11 | Create | Monk |
| 29:25 | Create | War Wagon |
| 29:29 | Research | Wheelbarrow |
| 29:45 | Create | War Wagon |
| 29:56 | Create | War Wagon |
| 30:11 | Build | Castle |
| 30:58 | Create | War Wagon |
Build order — [SP4RT] Petza IV.
First 150 of 346 actions detected
| 0:45 | Build | Town Center |
| 1:09 | Build | Dock |
| 1:12 | Build | House |
| 3:02 | Create | Villager (Male) |
| 3:03 | Create | Villager (Male) |
| 3:03 | Create | Villager (Male) |
| 3:03 | Create | Villager (Male) |
| 3:51 | Research | Loom |
| 3:52 | Create | Villager (Male) |
| 3:52 | Create | Villager (Male) |
| 4:15 | Build | Palisade Wall |
| 4:17 | Build | Palisade Wall |
| 4:31 | Create | Villager (Male) |
| 4:50 | Create | Fishing Ship |
| 5:49 | Create | Fishing Ship |
| 6:27 | Create | Villager (Male) |
| 6:27 | Create | Villager (Male) |
| 6:33 | Build | House |
| 7:02 | Create | Villager (Male) |
| 7:03 | Create | Villager (Male) |
| 7:27 | Create | Villager (Male) |
| 7:27 | Create | Villager (Male) |
| 8:31 | Build | House |
| 8:39 | Create | Fishing Ship |
| 9:08 | Create | Villager (Male) |
| 9:27 | Create | Fishing Ship |
| 10:13 | Create | Villager (Male) |
| 10:20 | Build | Lumber Camp |
| 11:03 | Research | Feudal Age |
| 11:11 | Build | Outpost |
| 11:36 | Create | Fishing Ship |
| 11:44 | Build | House |
| 13:13 | Age | Feudal Age |
| 13:15 | Build | Mining Camp |
| 13:45 | Build | Watch Tower |
| 13:50 | Create | Villager (Male) |
| 13:50 | Create | Villager (Male) |
| 14:01 | Build | Watch Tower |
| 14:18 | Build | Watch Tower |
| 14:22 | Create | Villager (Male) |
| 14:38 | Create | Fishing Ship |
| 14:40 | Create | Villager (Male) |
| 14:44 | Build | Mining Camp |
| 15:13 | Build | House |
| 15:32 | Create | Villager (Male) |
| 16:11 | Create | Villager (Male) |
| 16:25 | Build | Watch Tower |
| 16:32 | Create | Villager (Male) |
| 17:40 | Create | Villager (Male) |
| 17:47 | Build | Blacksmith |
| 17:53 | Build | Mill |
| 18:13 | Research | Fletching |
| 18:15 | Create | Villager (Male) |
| 18:19 | Build | House |
| 18:52 | Build | Market |
| 19:25 | Create | Villager (Male) |
| 19:38 | Build | House |
| 19:54 | Research | Castle Age |
| 20:12 | Research | Double-Bit Axe |
| 20:59 | Research | Stone Mining |
| 21:56 | Build | Watch Tower |
| 22:34 | Age | Castle Age |
| 22:47 | Build | Castle |
| 23:03 | Create | Villager (Male) |
| 23:03 | Create | Villager (Male) |
| 23:03 | Create | Villager (Male) |
| 23:44 | Create | Teutonic Knight |
| 23:51 | Build | Town Center |
| 23:55 | Create | Teutonic Knight |
| 24:19 | Build | Siege Workshop |
| 24:29 | Create | Villager (Male) |
| 24:32 | Create | Villager (Male) |
| 24:56 | Create | Villager (Male) |
| 24:58 | Create | Villager (Male) |
| 25:14 | Create | Mangonel |
| 25:32 | Build | Watch Tower |
| 25:34 | Create | Villager (Male) |
| 26:02 | Create | Teutonic Knight |
| 26:05 | Build | Farm |
| 26:09 | Create | Battering Ram |
| 26:22 | Build | Watch Tower |
| 26:26 | Create | Teutonic Knight |
| 26:28 | Create | Villager (Male) |
| 26:32 | Create | Villager (Male) |
| 27:15 | Create | Villager (Male) |
| 27:20 | Create | Villager (Male) |
| 27:23 | Create | Villager (Male) |
| 27:27 | Create | Mangonel |
| 27:55 | Build | Town Center |
| 27:57 | Create | Villager (Male) |
| 28:00 | Build | Farm |
| 28:00 | Create | Villager (Male) |
| 28:02 | Build | Farm |
| 28:31 | Create | Villager (Male) |
| 28:34 | Create | Villager (Male) |
| 28:55 | Create | Villager (Male) |
| 29:15 | Create | Battering Ram |
| 29:17 | Create | Teutonic Knight |
| 29:18 | Create | Villager (Male) |
| 29:31 | Create | Villager (Male) |
| 29:56 | Create | Battering Ram |
| 30:28 | Create | Villager (Male) |
| 30:36 | Create | Teutonic Knight |
| 30:40 | Create | Villager (Male) |
| 30:52 | Build | Watch Tower |
| 30:54 | Create | Villager (Male) |
| 31:03 | Create | Villager (Male) |
| 31:03 | Create | Villager (Male) |
| 31:05 | Create | Teutonic Knight |
| 31:30 | Create | Villager (Male) |
| 31:53 | Build | Watch Tower |
| 32:01 | Create | Villager (Male) |
| 32:02 | Create | Villager (Male) |
| 32:21 | Create | Villager (Male) |
| 32:33 | Create | Battering Ram |
| 32:57 | Create | Villager (Male) |
| 33:08 | Build | University |
| 33:13 | Create | Villager (Male) |
| 33:19 | Create | Villager (Male) |
| 33:21 | Build | Lumber Camp |
| 33:26 | Create | Villager (Male) |
| 33:41 | Create | Teutonic Knight |
| 33:45 | Build | Farm |
| 33:47 | Build | Farm |
| 34:05 | Create | Villager (Male) |
| 34:06 | Create | Villager (Male) |
| 34:08 | Research | Guard Tower (upgrade) |
| 34:24 | Build | Farm |
| 34:27 | Build | Farm |
| 34:30 | Create | Mangonel |
| 34:49 | Create | Villager (Male) |
| 34:59 | Build | Farm |
| 35:00 | Build | Farm |
| 35:01 | Build | Farm |
| 35:06 | Build | Farm |
| 35:10 | Build | Farm |
| 35:11 | Build | Farm |
| 35:18 | Build | Farm |
| 35:21 | Build | Farm |
| 35:21 | Create | Villager (Male) |
| 35:55 | Build | Monastery |
| 36:00 | Create | Mangonel |
| 36:05 | Create | Villager (Male) |
| 36:06 | Create | Villager (Male) |
| 36:08 | Build | Farm |
| 36:21 | Build | Watch Tower |
| 36:32 | Create | Monk |
| 36:33 | Create | Villager (Male) |
| 36:57 | Create | Villager (Male) |
| 36:58 | Build | Farm |
Build order — Anakin Skywalker
First 150 of 405 actions detected
| 0:25 | Build | Town Center |
| 1:04 | Build | House |
| 1:10 | Build | Dock |
| 2:45 | Create | Villager (Male) |
| 2:45 | Create | Villager (Male) |
| 2:54 | Create | Villager (Male) |
| 2:54 | Create | Villager (Male) |
| 3:34 | Research | Loom |
| 4:07 | Build | House |
| 4:29 | Create | Villager (Male) |
| 4:29 | Create | Villager (Male) |
| 4:49 | Create | Villager (Male) |
| 4:49 | Create | Villager (Male) |
| 4:58 | Create | Villager (Male) |
| 4:58 | Create | Villager (Male) |
| 5:33 | Create | Villager (Male) |
| 5:52 | Create | Villager (Male) |
| 5:53 | Create | Villager (Male) |
| 6:21 | Create | Fishing Ship |
| 6:55 | Create | Villager (Male) |
| 7:02 | Create | Fishing Ship |
| 7:18 | Build | House |
| 7:32 | Create | Villager (Male) |
| 7:33 | Create | Villager (Male) |
| 7:46 | Create | Fishing Ship |
| 7:47 | Create | Fishing Ship |
| 7:58 | Create | Villager (Male) |
| 8:05 | Build | House |
| 8:25 | Create | Fishing Ship |
| 8:49 | Build | Mill |
| 9:00 | Create | Villager (Male) |
| 9:00 | Create | Villager (Male) |
| 9:16 | Create | Fishing Ship |
| 9:20 | Build | House |
| 9:28 | Create | Villager (Male) |
| 9:30 | Create | Villager (Male) |
| 9:31 | Create | Villager (Male) |
| 9:45 | Create | Villager (Male) |
| 9:46 | Create | Villager (Male) |
| 9:48 | Create | Fishing Ship |
| 9:48 | Create | Fishing Ship |
| 9:49 | Create | Villager (Male) |
| 9:50 | Create | Villager (Male) |
| 10:21 | Build | Lumber Camp |
| 10:23 | Create | Villager (Male) |
| 10:48 | Create | Villager (Male) |
| 10:50 | Create | Fishing Ship |
| 10:50 | Create | Fishing Ship |
| 11:57 | Research | Feudal Age |
| 12:01 | Create | Fishing Ship |
| 12:04 | Build | House |
| 12:12 | Build | House |
| 12:13 | Build | House |
| 12:23 | Build | Dock |
| 12:40 | Create | Fishing Ship |
| 13:04 | Build | Mining Camp |
| 13:12 | Create | Villager (Male) |
| 13:12 | Create | Villager (Male) |
| 13:15 | Age | Feudal Age |
| 13:17 | Research | Double-Bit Axe |
| 13:26 | Build | House |
| 13:31 | Create | Fire Galley |
| 13:31 | Create | Fire Galley |
| 13:36 | Create | Villager (Male) |
| 13:42 | Create | Villager (Male) |
| 14:07 | Build | House |
| 14:13 | Create | Villager (Male) |
| 14:30 | Create | Villager (Male) |
| 14:37 | Build | House |
| 14:47 | Create | Fishing Ship |
| 14:53 | Create | Fire Galley |
| 14:57 | Create | Villager (Male) |
| 15:15 | Build | House |
| 15:39 | Create | Fire Galley |
| 15:52 | Create | Villager (Male) |
| 15:53 | Create | Villager (Male) |
| 15:59 | Create | Fire Galley |
| 16:10 | Create | Galley |
| 16:28 | Build | Blacksmith |
| 16:36 | Build | Market |
| 16:38 | Create | Villager (Male) |
| 16:46 | Create | Galley |
| 16:47 | Create | Galley |
| 17:12 | Create | Galley |
| 17:14 | Create | Villager (Male) |
| 17:41 | Research | Fletching |
| 17:50 | Create | Galley |
| 17:50 | Create | Galley |
| 17:58 | Build | Dock |
| 18:17 | Create | Villager (Male) |
| 18:18 | Create | Villager (Male) |
| 18:28 | Create | Galley |
| 18:30 | Create | Galley |
| 18:31 | Create | Galley |
| 18:45 | Build | House |
| 18:46 | Build | House |
| 18:47 | Create | Villager (Male) |
| 18:47 | Create | Villager (Male) |
| 19:14 | Research | Castle Age |
| 19:26 | Create | Galley |
| 19:27 | Create | Galley |
| 19:52 | Build | Mining Camp |
| 19:59 | Create | Galley |
| 20:02 | Create | Galley |
| 20:02 | Create | Galley |
| 20:20 | Build | Lumber Camp |
| 20:44 | Create | Galley |
| 21:06 | Create | Galley |
| 21:07 | Create | Galley |
| 21:08 | Age | Castle Age |
| 21:15 | Research | War Galley (upgrade) |
| 21:16 | Research | War Galley (upgrade) |
| 21:35 | Create | Fire Galley |
| 21:42 | Create | Galley |
| 21:49 | Create | Villager (Male) |
| 21:49 | Create | Villager (Male) |
| 21:49 | Create | Villager (Male) |
| 21:52 | Create | Villager (Male) |
| 21:58 | Create | Galley |
| 22:11 | Create | Galley |
| 22:11 | Create | Galley |
| 22:17 | Create | Villager (Male) |
| 22:18 | Create | Villager (Male) |
| 22:23 | Build | House |
| 22:24 | Build | House |
| 22:26 | Create | Villager (Male) |
| 22:39 | Build | Town Center |
| 22:41 | Create | Villager (Male) |
| 23:11 | Create | Galley |
| 23:11 | Create | Galley |
| 23:11 | Create | Galley |
| 23:25 | Create | Galley |
| 23:25 | Create | Galley |
| 23:26 | Create | Villager (Male) |
| 23:26 | Create | Villager (Male) |
| 23:42 | Build | Lumber Camp |
| 24:43 | Build | House |
| 24:47 | Build | Palisade Wall |
| 25:08 | Build | Barracks |
| 25:10 | Create | Villager (Male) |
| 25:10 | Create | Villager (Male) |
| 25:39 | Create | Villager (Male) |
| 25:53 | Build | Castle |
| 26:10 | Build | Archery Range |
| 26:30 | Build | Lumber Camp |
| 27:10 | Create | Archer |
| 27:14 | Build | Mining Camp |
| 27:40 | Create | Archer |
| 27:41 | Create | Archer |
| 27:52 | Create | Archer |
Build order — Turkish Delight
First 150 of 530 actions detected
| 0:11 | Build | Town Center |
| 1:55 | Build | Dock |
| 2:03 | Build | House |
| 2:52 | Create | Villager (Male) |
| 2:52 | Create | Villager (Male) |
| 2:52 | Create | Villager (Male) |
| 3:24 | Create | Villager (Male) |
| 3:50 | Create | Fishing Ship |
| 4:34 | Research | Loom |
| 4:36 | Build | House |
| 5:09 | Create | Villager (Male) |
| 5:10 | Create | Fishing Ship |
| 5:41 | Create | Villager (Male) |
| 6:06 | Create | Villager (Male) |
| 6:06 | Create | Villager (Male) |
| 6:23 | Create | Fishing Ship |
| 6:35 | Create | Villager (Male) |
| 6:43 | Build | House |
| 6:54 | Create | Villager (Male) |
| 6:54 | Create | Villager (Male) |
| 7:26 | Create | Fishing Ship |
| 7:26 | Create | Villager (Male) |
| 7:47 | Create | Villager (Male) |
| 7:47 | Create | Villager (Male) |
| 8:17 | Build | House |
| 8:17 | Create | Villager (Male) |
| 8:20 | Create | Fishing Ship |
| 8:33 | Create | Villager (Male) |
| 9:12 | Build | Dock |
| 9:14 | Create | Villager (Male) |
| 9:36 | Build | House |
| 9:37 | Create | Fishing Ship |
| 9:38 | Create | Villager (Male) |
| 10:03 | Build | Lumber Camp |
| 10:13 | Create | Fishing Ship |
| 10:17 | Create | Fishing Ship |
| 10:27 | Create | Villager (Male) |
| 10:36 | Create | Fishing Ship |
| 10:40 | Create | Fishing Ship |
| 10:52 | Create | Villager (Male) |
| 11:05 | Build | House |
| 11:29 | Create | Villager (Male) |
| 11:29 | Create | Fishing Ship |
| 11:30 | Create | Fishing Ship |
| 11:30 | Create | Fishing Ship |
| 11:35 | Build | House |
| 12:25 | Research | Feudal Age |
| 12:28 | Build | House |
| 12:45 | Create | Fishing Ship |
| 12:46 | Create | Fishing Ship |
| 13:35 | Build | Mining Camp |
| 13:59 | Create | Villager (Male) |
| 14:00 | Create | Fishing Ship |
| 14:01 | Create | Fishing Ship |
| 14:31 | Build | Dock |
| 14:35 | Age | Feudal Age |
| 14:45 | Build | Town Center |
| 14:47 | Research | Double-Bit Axe |
| 15:00 | Build | Town Center |
| 15:04 | Create | Villager (Male) |
| 15:05 | Research | Tech 906 |
| 15:32 | Create | Villager (Male) |
| 15:33 | Create | Villager (Male) |
| 15:43 | Build | Palisade Wall |
| 15:45 | Build | Palisade Wall |
| 15:47 | Build | Palisade Wall |
| 15:48 | Build | Palisade Wall |
| 15:49 | Create | Villager (Male) |
| 15:51 | Create | Villager (Male) |
| 15:56 | Build | House |
| 16:08 | Build | Barracks |
| 16:11 | Create | Villager (Male) |
| 16:31 | Build | House |
| 16:42 | Build | Mill |
| 16:45 | Create | Villager (Male) |
| 16:52 | Create | Villager (Male) |
| 16:53 | Create | Villager (Male) |
| 17:02 | Create | Villager (Male) |
| 17:20 | Build | Stable |
| 17:21 | Create | Villager (Male) |
| 17:22 | Build | House |
| 17:27 | Research | Horse Collar |
| 17:29 | Create | Villager (Male) |
| 17:36 | Build | Farm |
| 17:37 | Build | Farm |
| 17:37 | Build | Farm |
| 17:39 | Create | Villager (Male) |
| 17:47 | Build | Farm |
| 17:49 | Create | Villager (Male) |
| 17:54 | Create | Villager (Male) |
| 18:06 | Create | Villager (Male) |
| 18:13 | Create | Villager (Male) |
| 18:15 | Build | Farm |
| 18:15 | Build | Farm |
| 18:15 | Build | Farm |
| 18:16 | Build | Farm |
| 18:19 | Build | House |
| 18:20 | Create | Villager (Male) |
| 18:43 | Create | Villager (Male) |
| 18:44 | Build | Farm |
| 18:55 | Create | Fire Galley |
| 18:57 | Create | Villager (Male) |
| 19:02 | Create | Fire Galley |
| 19:03 | Create | Villager (Male) |
| 19:11 | Create | Villager (Male) |
| 19:24 | Create | Villager (Male) |
| 19:27 | Create | Fire Galley ×2 |
| 19:36 | Build | House |
| 19:43 | Create | Villager (Male) |
| 19:58 | Create | Fire Galley |
| 19:58 | Create | Fire Galley |
| 20:00 | Create | Villager (Male) |
| 20:19 | Build | Farm |
| 20:20 | Build | Farm |
| 20:20 | Build | Farm |
| 20:30 | Create | Villager (Male) |
| 20:42 | Create | Villager (Male) |
| 20:55 | Build | Market |
| 21:13 | Create | Villager (Male) |
| 21:31 | Create | Villager (Male) |
| 21:39 | Create | Villager (Male) |
| 21:50 | Build | Watch Tower |
| 21:58 | Research | Castle Age |
| 22:04 | Build | House |
| 22:08 | Create | Villager (Male) |
| 22:29 | Build | Stable |
| 22:33 | Create | Villager (Male) |
| 23:14 | Create | Villager (Male) |
| 23:20 | Research | Gold Mining |
| 23:29 | Create | Villager (Male) |
| 23:36 | Build | Farm |
| 23:41 | Build | House |
| 23:43 | Research | Bloodlines |
| 23:47 | Build | Blacksmith |
| 23:47 | Create | Villager (Male) |
| 23:55 | Build | Fish Trap |
| 23:58 | Build | Fish Trap |
| 23:59 | Build | Fish Trap |
| 24:01 | Create | Villager (Male) |
| 24:06 | Build | Fish Trap |
| 24:16 | Create | Villager (Male) |
| 24:18 | Build | House |
| 24:38 | Age | Castle Age |
| 24:40 | Research | Bow Saw |
| 24:45 | Create | Knight |
| 24:46 | Create | Knight |
| 24:52 | Create | Steppe Lancer |
| 24:52 | Create | Steppe Lancer |
| 24:55 | Build | House |
| 24:57 | Build | Farm |
Build order — OhSheeep
First 150 of 257 actions detected
| 0:21 | Build | Town Center |
| 0:48 | Build | Dock |
| 0:50 | Build | House |
| 1:06 | Build | Dock |
| 1:08 | Build | House |
| 2:43 | Create | Villager (Male) |
| 2:44 | Create | Villager (Male) |
| 2:44 | Create | Villager (Male) |
| 2:44 | Create | Villager (Male) |
| 2:44 | Create | Villager (Male) |
| 3:30 | Research | Loom |
| 3:30 | Create | Villager (Male) |
| 3:30 | Create | Villager (Male) |
| 3:30 | Create | Villager (Male) |
| 4:05 | Create | Fishing Ship |
| 4:05 | Create | Fishing Ship |
| 4:23 | Create | Villager (Male) |
| 4:23 | Create | Villager (Male) |
| 5:21 | Create | Villager (Male) |
| 5:21 | Create | Villager (Male) |
| 5:38 | Create | Fishing Ship |
| 5:39 | Create | Fishing Ship |
| 5:48 | Create | Villager (Male) |
| 5:49 | Create | Villager (Male) |
| 5:55 | Build | House |
| 5:58 | Build | Palisade Wall |
| 6:20 | Create | Villager (Male) |
| 6:21 | Create | Villager (Male) |
| 6:35 | Create | Villager (Male) |
| 6:35 | Create | Villager (Male) |
| 6:35 | Create | Villager (Male) |
| 7:08 | Create | Villager (Male) |
| 7:08 | Create | Villager (Male) |
| 7:08 | Create | Villager (Male) |
| 7:29 | Build | Barracks |
| 7:48 | Create | Villager (Male) |
| 8:04 | Create | Villager (Male) |
| 8:14 | Create | Villager (Male) |
| 8:26 | Create | Unit 2550 |
| 8:26 | Create | Unit 2550 |
| 8:29 | Create | Unit 2550 |
| 8:59 | Create | Villager (Male) |
| 9:12 | Build | Settlement |
| 9:19 | Create | Fishing Ship |
| 9:26 | Create | Villager (Male) |
| 9:26 | Create | Villager (Male) |
| 9:38 | Build | House |
| 9:44 | Create | Villager (Male) |
| 9:56 | Create | Villager (Male) |
| 10:08 | Create | Unit 2550 |
| 10:08 | Create | Unit 2550 |
| 10:21 | Create | Fishing Ship |
| 10:28 | Build | House |
| 10:48 | Create | Villager (Male) |
| 10:48 | Create | Villager (Male) |
| 10:50 | Create | Fishing Ship |
| 11:03 | Create | Unit 2550 |
| 11:16 | Create | Villager (Male) |
| 11:47 | Build | Palisade Wall |
| 12:13 | Create | Unit 2550 |
| 12:15 | Create | Villager (Male) |
| 12:28 | Create | Fishing Ship |
| 12:36 | Build | Settlement |
| 12:46 | Create | Unit 2550 |
| 13:13 | Create | Unit 2550 |
| 13:15 | Create | Villager (Male) |
| 13:41 | Create | Fishing Ship |
| 13:42 | Create | Fishing Ship |
| 13:58 | Create | Unit 2550 |
| 13:58 | Create | Unit 2550 |
| 14:42 | Create | Fishing Ship |
| 15:26 | Research | Feudal Age |
| 15:26 | Research | Feudal Age |
| 15:55 | Create | Unit 2550 |
| 15:56 | Create | Unit 2550 |
| 16:12 | Create | Unit 2550 |
| 16:18 | Build | Barracks |
| 17:14 | Build | House |
| 17:16 | Build | Palisade Wall |
| 17:36 | Age | Feudal Age |
| 17:37 | Build | Farm |
| 17:37 | Build | Farm |
| 17:37 | Build | Farm |
| 17:41 | Research | Tech 1402 |
| 17:42 | Research | Tech 1402 |
| 17:43 | Research | Arson |
| 17:56 | Build | Blacksmith |
| 18:00 | Build | Market |
| 18:16 | Build | Watch Tower |
| 19:11 | Build | Farm |
| 19:12 | Build | Farm |
| 19:25 | Research | Castle Age |
| 19:26 | Research | Castle Age |
| 19:26 | Research | Castle Age |
| 19:37 | Build | Watch Tower |
| 19:46 | Create | Villager (Male) |
| 19:46 | Create | Villager (Male) |
| 20:08 | Build | Settlement |
| 20:16 | Create | Villager (Male) |
| 20:17 | Create | Villager (Male) |
| 20:28 | Research | Scale Mail Armor |
| 20:28 | Research | Scale Mail Armor |
| 20:48 | Create | Villager (Male) |
| 21:17 | Build | Watch Tower |
| 21:25 | Build | Watch Tower |
| 21:39 | Create | Unit 2550 ×5 |
| 21:47 | Research | Fletching |
| 21:47 | Research | Fletching |
| 21:47 | Research | Fletching |
| 22:05 | Age | Castle Age |
| 22:11 | Research | Tech 1351 |
| 23:04 | Build | Stone Wall |
| 23:06 | Build | Stone Wall |
| 23:47 | Create | Villager (Male) |
| 23:47 | Create | Villager (Male) |
| 23:51 | Research | Chain Mail Armor |
| 24:04 | Build | Monastery |
| 24:13 | Research | Town Watch |
| 24:14 | Research | Town Watch |
| 24:21 | Research | Squires |
| 24:22 | Research | Squires |
| 24:25 | Research | Forging |
| 24:25 | Research | Forging |
| 24:29 | Create | Monk |
| 24:52 | Create | Monk |
| 25:09 | Create | Villager (Male) ×5 |
| 25:17 | Build | Watch Tower |
| 25:36 | Create | Monk |
| 26:44 | Create | Unit 2550 ×5 |
| 26:44 | Create | Unit 2550 ×5 |
| 26:58 | Build | University |
| 27:39 | Create | Villager (Male) ×5 |
| 28:16 | Research | Guard Tower (upgrade) |
| 28:16 | Research | Guard Tower (upgrade) |
| 28:26 | Research | Bodkin Arrow |
| 28:27 | Research | Bodkin Arrow |
| 28:37 | Create | Villager (Male) |
| 28:37 | Create | Villager (Male) |
| 28:48 | Build | Dock |
| 29:01 | Create | Monk |
| 29:14 | Create | Villager (Male) |
| 29:15 | Create | Villager (Male) |
| 29:34 | Build | Farm |
| 29:37 | Create | Villager (Male) |
| 30:45 | Create | Unit 2550 |
| 30:45 | Create | Unit 2550 |
| 30:46 | Create | Unit 2550 |
| 30:55 | Create | Villager (Male) ×2 |
| 32:45 | Build | Castle |
| 32:54 | Build | Settlement |
Build order — Glenlivet
First 150 of 257 actions detected
| 0:22 | Build | House |
| 0:31 | Build | Town Center |
| 1:52 | Build | Dock |
| 2:49 | Create | Villager (Male) |
| 2:49 | Create | Villager (Male) |
| 2:49 | Create | Villager (Male) |
| 2:49 | Create | Villager (Male) |
| 2:50 | Create | Villager (Male) |
| 4:08 | Create | Fishing Ship |
| 4:41 | Create | Villager (Male) |
| 4:42 | Create | Villager (Male) |
| 5:14 | Build | House |
| 5:34 | Create | Fishing Ship |
| 5:57 | Research | Loom |
| 6:01 | Create | Villager (Male) |
| 6:13 | Build | House |
| 6:29 | Create | Villager (Male) |
| 7:00 | Create | Villager (Male) |
| 7:19 | Create | Villager (Male) |
| 7:27 | Build | Palisade Wall |
| 7:37 | Build | Palisade Wall |
| 7:40 | Build | Palisade Wall |
| 7:51 | Create | Fishing Ship |
| 7:51 | Create | Fishing Ship |
| 8:04 | Create | Villager (Male) |
| 8:05 | Create | Villager (Male) |
| 8:37 | Build | House |
| 8:42 | Create | Villager (Male) |
| 9:16 | Create | Villager (Male) |
| 9:19 | Create | Fishing Ship |
| 9:46 | Create | Villager (Male) |
| 9:58 | Create | Villager (Male) |
| 10:02 | Build | Mill |
| 10:20 | Create | Villager (Male) |
| 10:45 | Create | Villager (Male) |
| 11:24 | Create | Fishing Ship |
| 11:42 | Research | Feudal Age |
| 12:16 | Build | Mining Camp |
| 12:43 | Build | House |
| 13:11 | Build | Outpost |
| 13:14 | Create | Villager (Male) |
| 13:14 | Create | Villager (Male) |
| 13:52 | Age | Feudal Age |
| 14:06 | Build | Market |
| 14:11 | Build | Blacksmith |
| 15:19 | Research | Castle Age |
| 15:41 | Build | Lumber Camp |
| 15:56 | Build | Palisade Wall |
| 16:04 | Build | Palisade Wall |
| 16:15 | Create | Villager (Male) |
| 17:15 | Build | Gate |
| 17:16 | Build | Stone Wall |
| 17:35 | Research | Double-Bit Axe |
| 17:39 | Research | Tech 1014 |
| 17:59 | Age | Castle Age |
| 18:32 | Create | Villager (Male) |
| 18:42 | Build | Castle |
| 18:51 | Create | Villager (Male) |
| 19:07 | Build | Outpost |
| 19:37 | Build | Gate |
| 19:41 | Build | Gate |
| 20:04 | Build | House |
| 20:15 | Create | Unit 1920 ×3 |
| 20:38 | Build | Town Center |
| 21:02 | Build | Siege Workshop |
| 21:07 | Create | Unit 1920 |
| 21:30 | Build | Stone Wall |
| 21:31 | Build | Stone Wall |
| 21:46 | Build | Pasture |
| 21:49 | Build | Pasture |
| 21:53 | Build | Pasture |
| 21:55 | Build | Pasture |
| 22:07 | Build | Outpost |
| 22:26 | Create | Unit 1920 |
| 22:30 | Build | House |
| 22:33 | Build | House |
| 23:09 | Create | Villager (Male) |
| 23:31 | Create | Iron Pagoda |
| 23:31 | Create | Iron Pagoda |
| 23:37 | Create | Villager (Male) |
| 24:01 | Create | Unit 1920 |
| 24:12 | Build | Pasture |
| 24:41 | Create | Unit 1920 |
| 24:41 | Create | Unit 1920 |
| 24:53 | Create | Villager (Male) |
| 25:00 | Create | Villager (Male) |
| 25:05 | Build | Pasture |
| 25:09 | Create | Unit 1920 |
| 25:23 | Build | House |
| 25:41 | Create | Villager (Male) |
| 26:05 | Create | Iron Pagoda |
| 26:11 | Create | Villager (Male) |
| 26:38 | Create | Scorpion |
| 26:45 | Create | Villager (Male) |
| 26:45 | Create | Villager (Male) |
| 26:45 | Create | Villager (Male) |
| 27:07 | Create | Iron Pagoda |
| 27:18 | Create | Villager (Male) |
| 27:30 | Create | Villager (Male) |
| 27:39 | Build | Pasture |
| 27:51 | Create | Unit 1920 |
| 29:00 | Create | Unit 1920 |
| 29:00 | Create | Unit 1920 |
| 29:00 | Create | Unit 1920 |
| 29:01 | Create | Unit 1920 |
| 29:20 | Create | Villager (Male) |
| 29:26 | Build | Pasture |
| 29:42 | Research | Scale Mail Armor |
| 29:55 | Create | Villager (Male) |
| 30:24 | Create | Unit 1920 |
| 30:24 | Create | Unit 1920 |
| 30:31 | Build | House |
| 30:53 | Create | Villager (Male) |
| 31:17 | Create | Iron Pagoda |
| 31:25 | Create | Unit 1920 |
| 31:25 | Create | Unit 1920 |
| 31:26 | Create | Unit 1920 |
| 31:48 | Create | Villager (Male) |
| 31:55 | Build | Castle |
| 32:44 | Create | Villager (Male) |
| 32:44 | Create | Villager (Male) |
| 33:13 | Create | Villager (Male) |
| 33:19 | Create | Villager (Male) |
| 33:21 | Build | Pasture |
| 33:31 | Create | Villager (Male) |
| 33:36 | Build | Town Center |
| 33:45 | Create | Villager (Male) |
| 33:53 | Create | Unit 1920 |
| 33:53 | Create | Unit 1920 |
| 34:00 | Build | Pasture |
| 34:00 | Build | Pasture |
| 34:01 | Build | Pasture |
| 34:01 | Build | Pasture |
| 34:01 | Build | Pasture |
| 34:02 | Build | Pasture |
| 34:02 | Build | Pasture |
| 34:02 | Build | Pasture |
| 34:02 | Build | Pasture |
| 34:03 | Build | Pasture |
| 34:03 | Build | Pasture |
| 34:21 | Create | Villager (Male) |
| 34:43 | Create | Villager (Male) |
| 34:50 | Create | Unit 1920 |
| 35:16 | Create | Villager (Male) |
| 35:26 | Create | Villager (Male) |
| 35:30 | Build | Mill |
| 35:37 | Research | Forging |
| 35:41 | Create | Villager (Male) |
| 35:47 | Build | Pasture |
| 35:53 | Create | Villager (Male) |
Build order — Sell_my_vills_for_wood
First 150 of 502 actions detected
| 0:08 | Build | Town Center |
| 1:34 | Build | Dock |
| 1:42 | Build | House |
| 1:44 | Build | Palisade Wall |
| 1:46 | Build | Palisade Wall |
| 2:35 | Create | Villager (Male) |
| 2:35 | Create | Villager (Male) |
| 2:36 | Create | Villager (Male) |
| 2:36 | Create | Villager (Male) |
| 2:36 | Create | Villager (Male) |
| 4:02 | Create | Fishing Ship |
| 4:26 | Build | House |
| 4:31 | Create | Villager (Male) |
| 4:58 | Create | Villager (Male) |
| 4:59 | Create | Villager (Male) |
| 5:26 | Create | Villager (Male) |
| 5:26 | Create | Villager (Male) |
| 5:49 | Create | Fishing Ship |
| 6:05 | Build | House |
| 6:06 | Create | Villager (Male) |
| 6:09 | Create | Villager (Male) |
| 6:10 | Create | Villager (Male) |
| 6:33 | Create | Fishing Ship |
| 6:45 | Build | House |
| 6:46 | Create | Villager (Male) |
| 7:07 | Create | Villager (Male) |
| 7:15 | Create | Fishing Ship |
| 7:23 | Build | House |
| 7:25 | Build | Palisade Wall |
| 7:36 | Create | Villager (Male) |
| 7:36 | Create | Villager (Male) |
| 8:04 | Create | Villager (Male) |
| 8:11 | Create | Fishing Ship |
| 8:46 | Create | Villager (Male) |
| 8:48 | Create | Villager (Male) |
| 8:49 | Research | Loom |
| 8:54 | Build | House |
| 9:23 | Build | Palisade Gate |
| 9:29 | Create | Villager (Male) |
| 9:32 | Research | Loom |
| 9:45 | Create | Fishing Ship |
| 9:50 | Create | Fishing Ship |
| 10:05 | Build | Mill |
| 10:16 | Build | Mining Camp |
| 10:23 | Build | Palisade Wall |
| 10:25 | Build | Palisade Wall |
| 10:55 | Research | Feudal Age |
| 10:55 | Research | Feudal Age |
| 11:05 | Create | Villager (Male) |
| 11:06 | Create | Villager (Male) |
| 13:05 | Age | Feudal Age |
| 13:20 | Build | Market |
| 13:28 | Build | Blacksmith |
| 13:32 | Build | Palisade Wall |
| 13:40 | Create | Villager (Male) |
| 14:47 | Research | Castle Age |
| 15:01 | Build | Dock |
| 15:10 | Build | Lumber Camp |
| 15:29 | Create | Villager (Male) |
| 15:56 | Research | Double-Bit Axe |
| 16:07 | Build | Barracks |
| 16:12 | Create | Fire Galley |
| 16:12 | Create | Fire Galley |
| 16:52 | Create | Villager (Male) |
| 17:09 | Build | Stable |
| 17:25 | Create | Villager (Male) |
| 17:27 | Age | Castle Age |
| 17:56 | Build | House |
| 17:57 | Create | Knight |
| 17:58 | Create | Knight |
| 18:04 | Research | Forging |
| 18:05 | Create | Villager (Male) |
| 18:32 | Create | Villager (Male) |
| 18:41 | Build | Town Center |
| 18:46 | Create | Knight |
| 18:49 | Build | House |
| 19:05 | Create | Fire Galley |
| 19:07 | Create | Villager (Male) |
| 19:20 | Build | Palisade Wall |
| 19:24 | Build | House |
| 19:29 | Create | Villager (Male) |
| 20:13 | Create | Villager (Male) |
| 20:22 | Build | Town Center |
| 20:23 | Create | Villager (Male) |
| 20:37 | Create | Villager (Male) |
| 20:46 | Build | Monastery |
| 20:47 | Create | Villager (Male) |
| 20:53 | Research | Horse Collar |
| 21:17 | Create | Villager (Male) |
| 21:28 | Create | Villager (Male) |
| 21:32 | Build | House |
| 21:33 | Build | House |
| 21:38 | Create | Villager (Male) |
| 21:44 | Build | Farm |
| 21:45 | Build | Farm |
| 21:47 | Build | Farm |
| 21:48 | Build | Farm |
| 21:50 | Build | Farm |
| 21:52 | Build | Farm |
| 21:53 | Build | Farm |
| 21:54 | Build | Farm |
| 21:54 | Create | Villager (Male) |
| 22:01 | Create | Villager (Male) |
| 22:05 | Build | Mining Camp |
| 22:06 | Create | Villager (Male) |
| 22:07 | Create | Villager (Male) |
| 22:17 | Create | Villager (Male) |
| 22:20 | Create | Villager (Male) |
| 22:20 | Create | Villager (Male) |
| 22:23 | Create | Monk |
| 22:25 | Build | Farm |
| 22:28 | Build | Farm |
| 22:29 | Create | Villager (Male) |
| 22:55 | Create | Villager (Male) |
| 23:12 | Create | Villager (Male) |
| 23:17 | Build | House |
| 23:25 | Build | Stone Wall |
| 23:27 | Create | Monk |
| 23:29 | Create | Knight |
| 23:30 | Create | Knight |
| 23:31 | Create | Villager (Male) |
| 23:35 | Build | Farm |
| 23:40 | Create | Villager (Male) |
| 24:12 | Create | Villager (Male) |
| 24:15 | Build | Farm |
| 24:16 | Build | Farm |
| 24:25 | Create | Villager (Male) |
| 24:34 | Create | Villager (Male) |
| 24:36 | Build | Farm |
| 24:37 | Create | Villager (Male) |
| 24:40 | Build | Farm |
| 24:43 | Build | Farm |
| 24:44 | Build | Farm |
| 24:45 | Create | Villager (Male) |
| 24:49 | Build | Farm |
| 24:51 | Build | Farm |
| 24:52 | Build | Farm |
| 24:52 | Build | Farm |
| 24:53 | Create | Villager (Male) |
| 25:07 | Build | Siege Workshop |
| 25:14 | Create | Villager (Male) |
| 25:27 | Create | Monk |
| 25:28 | Create | Villager (Male) |
| 25:30 | Build | House |
| 25:32 | Create | Villager (Male) |
| 25:34 | Build | House |
| 25:35 | Build | House |
| 25:51 | Create | Villager (Male) |
| 25:57 | Build | House |
| 25:57 | Build | House |
Match timeline
| 0:22 | Prußen · first_building Dock |
| 0:48 | OhSheeep · first_building Dock |
| 1:09 | PipesMble · first_building Dock |
| 1:09 | [SP4RT] Petza IV. · first_building Dock |
| 1:10 | Anakin Skywalker · first_building Dock |
| 1:34 | Sell_my_vills_for_wood · first_building Dock |
| 1:44 | Sell_my_vills_for_wood · wall_segment Palisade Wall x1 |
| 1:46 | Sell_my_vills_for_wood · wall_segment Palisade Wall x1 |
| 1:52 | Glenlivet · first_building Dock |
| 1:55 | Turkish Delight · first_building Dock |
| 4:12 | Prußen · wall_segment Palisade Wall x1 |
| 4:13 | Prußen · wall_segment Palisade Wall x1 |
| 4:15 | [SP4RT] Petza IV. · wall_segment Palisade Wall x1 |
| 4:15 | Prußen · wall_segment Palisade Wall x1 |
| 4:17 | [SP4RT] Petza IV. · wall_segment Palisade Wall x1 |
| 4:20 | Prußen · wall_segment Palisade Wall x1 |
| 4:23 | Prußen · wall_segment Palisade Wall x1 |
| 4:40 | Prußen · wall_segment Palisade Wall x1 |
| 4:41 | Prußen · wall_segment Palisade Wall x1 |
| 4:52 | Prußen · wall_segment Palisade Wall x1 |
| 4:54 | Prußen · wall_segment Palisade Wall x1 |
| 4:57 | Prußen · wall_segment Palisade Wall x1 |
| 5:53 | Prußen · wall_segment Palisade Wall x1 |
| 5:58 | OhSheeep · wall_segment Palisade Wall x4 |
| 7:25 | Sell_my_vills_for_wood · wall_segment Palisade Wall x1 |
| 7:27 | Glenlivet · wall_segment Palisade Wall x1 |
| 7:29 | OhSheeep · first_building Barracks |
| 7:37 | Glenlivet · wall_segment Palisade Wall x1 |
| 7:40 | Glenlivet · wall_segment Palisade Wall x1 |
| 10:23 | Sell_my_vills_for_wood · wall_segment Palisade Wall x4 |
| 10:25 | Sell_my_vills_for_wood · wall_segment Palisade Wall x3 |
| 11:33 | Prußen · wall_segment Palisade Wall x1 |
| 11:35 | Prußen · wall_segment Palisade Wall x1 |
| 11:47 | OhSheeep · wall_segment Palisade Wall x5 |
| 12:25 | PipesMble · age_up feudal |
| 13:05 | Sell_my_vills_for_wood · age_up feudal |
| 13:08 | Prußen · age_up feudal |
| 13:13 | [SP4RT] Petza IV. · age_up feudal |
| 13:15 | Anakin Skywalker · age_up feudal |
| 13:32 | Sell_my_vills_for_wood · wall_segment Palisade Wall x2 |
| 13:52 | Glenlivet · age_up feudal |
| 14:35 | Turkish Delight · age_up feudal |
| 15:24 | Prußen · wall_segment Palisade Wall x1 |
| 15:28 | Prußen · wall_segment Palisade Wall x1 |
| 15:32 | Prußen · wall_segment Palisade Wall x1 |
| 15:33 | Prußen · wall_segment Palisade Wall x1 |
| 15:36 | Prußen · wall_segment Palisade Wall x1 |
| 15:43 | Turkish Delight · wall_segment Palisade Wall x1 |
| 15:44 | Prußen · wall_segment Palisade Wall x1 |
| 15:45 | Turkish Delight · wall_segment Palisade Wall x1 |
| 15:47 | Turkish Delight · wall_segment Palisade Wall x1 |
| 15:48 | Turkish Delight · wall_segment Palisade Wall x1 |
| 15:50 | Prußen · wall_segment Palisade Wall x1 |
| 15:51 | Prußen · wall_segment Palisade Wall x1 |
| 15:53 | Prußen · wall_segment Palisade Wall x1 |
| 15:54 | Prußen · wall_segment Palisade Wall x1 |
| 15:56 | Glenlivet · wall_segment Palisade Wall x1 |
| 16:04 | Glenlivet · wall_segment Palisade Wall x1 |
| 16:07 | Sell_my_vills_for_wood · first_building Barracks |
| 16:08 | Turkish Delight · first_building Barracks |
| 16:48 | Prußen · age_up castle |
| 17:09 | Sell_my_vills_for_wood · first_building Stable |
| 17:16 | OhSheeep · wall_segment Palisade Wall x7 |
| 17:16 | Glenlivet · wall_segment Stone Wall x1 |
| 17:20 | Turkish Delight · first_building Stable |
| 17:27 | Sell_my_vills_for_wood · age_up castle |
| 17:30 | Prußen · wall_segment Palisade Wall x1 |
| 17:32 | Prußen · wall_segment Palisade Wall x1 |
| 17:36 | OhSheeep · age_up feudal |
| 17:59 | Glenlivet · age_up castle |
| 18:30 | Prußen · first_building Castle |
| 18:42 | Glenlivet · first_building Castle |
| 18:55 | Anakin Skywalker · first_market_sell 100 wood |
| 19:20 | Sell_my_vills_for_wood · wall_segment Palisade Wall x1 |
| 19:52 | [SP4RT] Petza IV. · first_market_sell 100 food |
| 20:46 | Sell_my_vills_for_wood · first_building Monastery |
| 21:02 | Glenlivet · first_building Siege Workshop |
| 21:08 | Anakin Skywalker · age_up castle |
| 21:14 | Prußen · wall_segment Palisade Wall x1 |
| 21:15 | Prußen · wall_segment Palisade Wall x1 |
| 21:17 | Prußen · wall_segment Palisade Wall x1 |
| 21:30 | Glenlivet · wall_segment Stone Wall x1 |
| 21:31 | Glenlivet · wall_segment Stone Wall x1 |
| 21:32 | PipesMble · age_up castle |
| 21:40 | PipesMble · first_market_sell 100 wood |
| 21:54 | Turkish Delight · first_market_sell 100 wood |
| 22:05 | OhSheeep · age_up castle |
| 22:34 | [SP4RT] Petza IV. · age_up castle |
| 22:40 | [SP4RT] Petza IV. · first_market_buy 100 stone |
| 22:47 | [SP4RT] Petza IV. · first_building Castle |
| 23:04 | OhSheeep · wall_segment Stone Wall x1 |
| 23:06 | OhSheeep · wall_segment Stone Wall x5 |
| 23:08 | Glenlivet · first_market_buy 100 wood |
| 23:25 | Sell_my_vills_for_wood · wall_segment Stone Wall x5 |
| 23:28 | Glenlivet · first_market_sell 100 stone |
| 23:40 | PipesMble · first_building Monastery |
| 24:04 | OhSheeep · first_building Monastery |
| 24:19 | [SP4RT] Petza IV. · first_building Siege Workshop |
| 24:38 | Turkish Delight · age_up castle |
| 24:47 | Anakin Skywalker · wall_segment Palisade Wall x1 |
| 25:07 | Sell_my_vills_for_wood · first_building Siege Workshop |
| 25:08 | PipesMble · first_market_buy 100 stone |
| 25:08 | Anakin Skywalker · first_building Barracks |
| 25:25 | Turkish Delight · first_market_buy 100 food |
| 25:49 | Anakin Skywalker · first_market_buy 100 stone |
| 25:53 | Anakin Skywalker · first_building Castle |
| 26:10 | Anakin Skywalker · first_building Archery Range |
| 26:53 | Sell_my_vills_for_wood · wall_segment Stone Wall x1 |
| 26:55 | Sell_my_vills_for_wood · wall_segment Stone Wall x1 |
| 28:03 | Anakin Skywalker · first_building Stable |
| 28:30 | Prußen · first_building Monastery |
| 29:21 | PipesMble · first_building Castle |
| 29:30 | Sell_my_vills_for_wood · first_building Castle |
| 29:31 | Turkish Delight · first_building Siege Workshop |
| 30:58 | OhSheeep · first_market_sell 100 wood |
| 30:59 | OhSheeep · first_market_buy 100 stone |
| 31:23 | Turkish Delight · first_building Monastery |
| 32:34 | Sell_my_vills_for_wood · first_market_sell 100 wood |
| 32:34 | Prußen · first_market_sell 100 stone |
| 32:45 | OhSheeep · first_building Castle |
| 32:59 | Turkish Delight · first_building Castle |
| 33:27 | OhSheeep · wall_segment Stone Wall x1 |
| 33:28 | OhSheeep · wall_segment Stone Wall x7 |
| 33:51 | Sell_my_vills_for_wood · first_market_buy 100 stone |
| 33:54 | Sell_my_vills_for_wood · wall_segment Stone Wall x5 |
| 33:57 | Sell_my_vills_for_wood · wall_segment Stone Wall x3 |
| 34:30 | Prußen · first_building Siege Workshop |
| 35:43 | Turkish Delight · age_up imperial |
| 35:55 | [SP4RT] Petza IV. · first_building Monastery |
| 36:37 | Sell_my_vills_for_wood · age_up imperial |
| 36:47 | Sell_my_vills_for_wood · wall_segment Stone Wall x4 |
| 36:55 | PipesMble · age_up imperial |
| 37:01 | Glenlivet · first_building Barracks |
| 37:37 | PipesMble · first_building Barracks |
| 38:08 | Prußen · first_building Barracks |
| 38:15 | Glenlivet · first_building Archery Range |
| 39:36 | Prußen · first_building Stable |
| 41:56 | [SP4RT] Petza IV. · first_building Barracks |
| 41:59 | OhSheeep · wall_segment Stone Wall x1 |
| 42:00 | OhSheeep · wall_segment Stone Wall x5 |
| 42:03 | OhSheeep · wall_segment Stone Wall x8 |
| 42:46 | [SP4RT] Petza IV. · first_building Stable |
| 43:04 | Glenlivet · age_up imperial |
| 43:30 | Turkish Delight · wall_segment Palisade Wall x9 |
| 44:51 | [SP4RT] Petza IV. · age_up imperial |
| 46:12 | Prußen · age_up imperial |
| 46:21 | Anakin Skywalker · first_building Siege Workshop |
| 47:51 | OhSheeep · wall_segment Stone Wall x1 |
| 48:45 | OhSheeep · first_building Archery Range |
| 49:56 | PipesMble · tribute_sent a jugador 1 |
| 49:56 | PipesMble · tribute_sent a jugador 3 |
| 49:56 | PipesMble · tribute_sent a jugador 4 |
| 49:56 | PipesMble · tribute_sent a jugador 5 |
| 49:56 | PipesMble · tribute_sent a jugador 6 |
| 49:56 | PipesMble · tribute_sent a jugador 7 |
| 49:56 | PipesMble · tribute_sent a jugador 8 |
| 50:20 | Prußen · first_market_buy 100 wood |
| 51:15 | Sell_my_vills_for_wood · wall_segment Stone Wall x1 |
| 51:16 | Sell_my_vills_for_wood · wall_segment Stone Wall x1 |
| 51:17 | Sell_my_vills_for_wood · wall_segment Stone Wall x1 |
| 52:31 | PipesMble · tribute_sent a jugador 1 |
| 52:31 | PipesMble · tribute_sent a jugador 3 |
| 52:31 | PipesMble · tribute_sent a jugador 4 |
| 52:31 | PipesMble · tribute_sent a jugador 5 |
| 52:31 | PipesMble · tribute_sent a jugador 6 |
| 52:31 | PipesMble · tribute_sent a jugador 7 |
| 52:31 | PipesMble · tribute_sent a jugador 8 |
| 53:04 | Sell_my_vills_for_wood · wall_segment Stone Wall x1 |
| 53:28 | Prußen · wall_segment Palisade Wall x1 |
| 53:32 | Turkish Delight · resign |
[ AI ANALYSIS · 1 CREDIT ]
What really happened in this match?
Wolo.gg analyzes every decision: build order, eco, micro, common mistakes by bracket. Personalized analysis on WhatsApp or Discord in 30 seconds.
Civ guide
Armenians
Perfil
Jugador #661024